 Dungeon Crawl Stone Soup version 0.31.0-11-ge490571c62 (webtiles) character file.

Game seed: 12917404972433219718

1121 Minsecho the Sneak (level 8, -11/51 HPs)
             Began as an Octopode Alchemist on Feb 8, 2024.
             Was an Initiate of Ashenzari.
             Mangled by an ice beast (12 damage)
             ... on level 6 of the Dungeon.
             The game lasted 00:14:23 (5182 turns).

Minsecho the Sneak (Octopode Alchemist)             Turns: 5182, Time: 00:14:23

Health: -11/51     AC:  1    Str:  7    XL:     8   Next: 34%
Magic:  13/13      EV: 13    Int: 20    God:    Ashenzari [......]
Gold:   169        SH:  0    Dex: 12    Spells: 2/14 levels left

rFire   + . .        c - staff of fire
rCold   . . .        (no shield)
rNeg    . . .        (helmet restricted)
rPois   .            r - amulet of magic regeneration
rElec   .            q - ring of resist corrosion
rCorr   +            (no ring)
SInv    .            (no ring)
Will    .....        (no ring)
Stlth   ++++         (no ring)
HPRegen 0.28/turn    (no ring)
MPRegen 0.53/turn    (no ring)
                     (no ring)

%: no passive effects
@: no status effects
A: almost no armour, amphibious, 8 rings, camouflage 1, gelatinous body 1,
(nimble swimmer 1), tentacles
a: Renounce Religion


You were on level 6 of the Dungeon.
You worshipped Ashenzari.
Ashenzari was noncommittal.
You visited 2 branches of the dungeon, and saw 7 of its levels.

You collected 169 gold pieces.

Inventory:

Hand Weapons
 d - a +0 dagger of speed
 p - a +1 dagger of venom
Missiles
 e - 2 poisoned darts
Magical Staves
 c - a staff of fire (weapon)
Jewellery
 q - a ring of resist corrosion (left tentacle)
 r - an amulet of magic regeneration (around mantle)
 t - a ring of fire
Wands
 s - a wand of mindburst (13)
Scrolls
 b - a scroll of brand weapon {unknown}
 f - 2 scrolls of teleportation
 g - a scroll of vulnerability
 h - a scroll of acquirement {unknown}
 k - a scroll of fog {unknown}
 l - a scroll of noise {unknown}
 o - a scroll of fear {unknown}
 v - a scroll of enchant weapon {unknown}
Potions
 a - a potion of magic
 i - a potion of berserk rage
 j - 2 potions of curing
 m - a potion of invisibility
 n - 2 potions of attraction
 u - a potion of enlightenment {unknown}


   Skills:
 + Level 2.4 Fighting
 - Level 2.0 Short Blades
 - Level 3.2 Dodging
 - Level 6.2 Stealth
 + Level 2.9 Unarmed Combat
 + Level 3.7 Spellcasting
 + Level 3.0 Conjurations
 + Level 0.2 Air Magic
 + Level 5.8 Alchemy
 + Level 1.1 Evocations


You had 2 spell levels left.
You knew the following spells:

 Your Spells              Type           Power      Damage    Failure   Level
a - Sting                 Conj/Alch      84%        1d8       1%          1
b - Mercury Vapours       Alch/Air       30%        N/A       6%          2
c - Mephitic Cloud        Conj/Alch/Air  16%        N/A       11%         3
d - Olgreb's Toxic Radia  Alch           27%        N/A       12%         4
r - Searing Ray           Conj           32%        2d5       5%          2

Your spell library contained the following spells:

 Spells                   Type           Power      Damage    Failure   Level
 Magic Dart               Conj           64%        1d6       3%          1
 Blink                    Tloc           6%         N/A       21%         2
 Call Imp                 Summ           6%         N/A       21%         2
 Fulminant Prism          Conj/Alch      10%        3d8       21%         4
 Sticky Flame             Fire/Alch      23%        2d6       36%         4


Dungeon Overview and Level Annotations

Branches:
Dungeon (6/15)             Temple (1/1) D:5

Altars:
Ashenzari
Cheibriados
Dithmenos
Elyvilon
Fedhas
Gozag
Hepliaklqana
Kikubaaqudgha
Makhleb
Nemelex Xobeh
Okawaru
Qazlal
Ru
Sif Muna
Trog
Uskayaw
Vehumet
Wu Jian
Xom
Yredelemnul
The Shining One

Annotations:
D:2 !Sigmund
D:6 Blork the orc, Menkaure


Innate Abilities, Weirdness & Mutations

You cannot wear most types of armour.
You are amphibious.
You can wear up to eight rings at the same time.
Your skin changes colour to match your surroundings (Stealth+).
Your rubbery body absorbs attacks. (AC +1, EV +1)
((You are camouflaged when in or above water. (Stealth+)))
You have tentacles for arms and can constrict up to eight enemies at once.


Message History

The ice beast is severely wounded.
The ice beast looks more healthy.
The ice beast hits you. The ice beast freezes you.
You hit the ice beast but do no damage.
The ice beast is severely wounded.
The ice beast closely misses you.
Aiming: Sting (safe; 1% risk of failure)
Press: ? - help, Q - select action, (/) - cycle Shift-Dir - straight line, f/p - ice beast
Aim: an ice beast (severely wounded, 76% to hit)
The sting hits the ice beast.
The ice beast partially resists.
The ice beast is poisoned.
The ice beast is severely wounded.
The ice beast misses you.
Aiming: Sting (safe; 1% risk of failure)
Press: ? - help, Q - select action, (/) - cycle Shift-Dir - straight line, f/p - ice beast
Aim: an ice beast (severely wounded, poisoned, 76% to hit)
The sting hits the ice beast but does no damage.
The ice beast looks even sicker.
The ice beast is severely wounded.
The ice beast hits you. The ice beast freezes you!
You barely miss the ice beast. Your squeeze misses the ice beast.
The ice beast is severely wounded.
The ice beast hits you.
* * * LOW HITPOINT WARNING * * *
The ice beast freezes you.
* * * LOW HITPOINT WARNING * * *
You feel better. The ice beast closely misses you.
You hit the ice beast but do no damage.
The ice beast is almost dead.
The ice beast completely misses you.
You hit the ice beast but do no damage.
The ice beast is almost dead.
The ice beast hits you.
* * * LOW HITPOINT WARNING * * *
The ice beast freezes you!
* * * LOW HITPOINT WARNING * * *
The ice beast hits you.
* * * LOW HITPOINT WARNING * * *
The ice beast freezes you!
You die...

. .. ... ....
.l...
......#######
......'.Y@.>#
......#####.#
..... #.# ####
#.# #. #.# #.#
#.#
#.#####.########
....
#.#.............
....
#.#.###.#######.


You could see an ice beast (very poisoned).

Vanquished Creatures
  Grinder (D:4)
  Sigmund (D:2)
  Edmund (D:4)
  An ice beast (D:5)
  2 phantoms
  A scorpion (D:6)
  A bombardier beetle (D:5)
  A howler monkey (D:5)
  A hound (D:6)
  Terence (D:2)
  Ijyb (D:4)
  An orc wizard (D:5)
  3 gnolls (D:2)
  6 adders
  2 ufetubi (Temple)
  3 dart slugs
  2 ribbon worms (D:3)
  4 orcs
  5 endoplasms
  5 giant cockroaches
  10 goblins
  6 hobgoblins
  10 ball pythons
  5 bats (D:1)
  A frilled lizard (D:1)
  5 kobolds
  9 rats
89 creatures vanquished.

Notes
Turn   | Place    | Note
-------+----------+-------------------------------------------
     0 | D:1      | Minsecho the Octopode Alchemist began the quest for the
                  | Orb.
     0 | D:1      | Reached XP level 1. HP: 11/11 MP: 3/3
   148 | D:1      | Reached XP level 2. HP: 17/18 MP: 0/5
   513 | D:1      | Reached skill level 3 in Stealth
   571 | D:1      | Reached XP level 3. HP: 22/22 MP: 0/6
   636 | D:1      | Learned a level 2 spell: Mercury Vapours
   640 | D:1      | Learned a level 3 spell: Mephitic Cloud
   978 | D:2      | Reached XP level 4. HP: 27/27 MP: 4/7
  1010 | D:2      | Found a faded altar of an unknown god.
  1428 | D:2      | Noticed Terence
  1448 | D:2      | Killed Terence
  1449 | D:2      | Reached skill level 1 in Unarmed Combat
  1757 | D:2      | Noticed Sigmund
  1767 | D:2      | Killed Sigmund
  1768 | D:2      | Reached skill level 1 in Fighting
  1768 | D:2      | Reached skill level 5 in Stealth
  1768 | D:2      | Reached XP level 5. HP: 24/33 MP: 0/9
  1768 | D:2      | Reached XP level 6. HP: 28/38 MP: 0/10
  2006 | D:2      | Learned a level 4 spell: Olgreb's Toxic Radiance
  2850 | D:4      | Noticed Edmund
  2881 | D:4      | Killed Edmund
  3075 | D:4      | Noticed Grinder
  3080 | D:5      | Entered Level 5 of the Dungeon
  3186 | D:5      | Reached skill level 5 in Alchemy
  3186 | D:5      | Reached XP level 7. HP: 9/43 MP: 11/11
  3771 | D:5      | Found a staircase to the Ecumenical Temple.
  3782 | Temple   | Entered the Ecumenical Temple
  4076 | D:6      | Noticed Blork the orc
  4257 | D:4      | Noticed Ijyb
  4272 | D:4      | Killed Ijyb
  4509 | D:4      | Reached skill level 1 in Short Blades
  4561 | D:4      | Learned a level 2 spell: Searing Ray
  4750 | D:4      | Found a sparkling altar of Nemelex Xobeh.
  4750 | D:4      | Found a broken altar of Ashenzari.
  4751 | D:4      | Found a burning altar of Makhleb.
  4761 | D:4      | Became a worshipper of Ashenzari the Shackled
  4820 | D:4      | Reached XP level 8. HP: 50/50 MP: 13/13
  4862 | D:4      | Killed Grinder
  4863 | D:4      | Reached skill level 6 in Stealth
  4971 | D:6      | Reached skill level 1 in Evocations
  5047 | D:6      | Noticed Menkaure
  5182 | D:6      | HP: 1/51 [ice beast (2)]
  5182 | D:6      | Mangled by an ice beast

Illustrated notes

Levels and vault maps discovered:
D:1:      lightli_arrival_quake, layout_rooms
D:2:      layout_loops_corners, nicolae_ecumenical_snake_handling,
          lemuel_flame_loot_1, uniq_sigmund, uniq_terence
D:3:      layout_rooms
D:4:      layout_basic, gammafunk_temple_overflow_claw, uniq_edmund, uniq_ijyb,
          uniq_grinder
D:5:      layout_basic, minmay_temple_entry_stoned_glass,
          nicolae_concentric_dashed_squares_mild
D:6:      layout_basic, uniq_prince_ribbit1, uniq_blork_the_orc, uniq_menkaure
Temple:   hc_temple_tempest_star

Skill      XL: |  1  2  3  4  5  6  7  8 |
---------------+-------------------------+-----
Stealth        | 3 5 6 |  6.2
Alchemy        | 4 5 |  5.8
Unarmed Combat | 1 2 |  2.9
Fighting       | 1 2 |  2.4
Conjurations   | 2 3 |  3.0
Spellcasting   | 3 |  3.7
Short Blades   | 1 2 |  2.0
Dodging        | 3 |  3.2
Evocations     | 1 |  1.1
Air Magic      | |  0.2

Action                     |  1- 3 |  4- 6 |  7- 9 || total
---------------------------+-------+-------+-------++-------
  Melee: Unarmed           |    35 |    49 |       ||    84
         Constrict         |    14 |    12 |    10 ||    36
         Tentacles         |     8 |    15 |    14 ||    37
         Punch             |       |     2 |       ||     2
         Dagger            |       |    27 |    68 ||    95
         Staff             |       |       |     9 ||     9
   Cast: Sting             |    38 |    40 |    34 ||   112
         Mercury Vapours   |       |     1 |     1 ||     2
         Mephitic Cloud    |       |       |     2 ||     2
         Searing Ray       |       |       |     4 ||     4
  Evoke: Wand              |       |       |     2 ||     2
    Use: Potion            |     1 |       |     1 ||     2
         Scroll            |       |     1 |     6 ||     7
   Stab: Sleeping          |     4 |     6 |     6 ||    16
         Distracted        |       |       |     1 ||     1
 Armour: Skin              |    27 |    43 |    49 ||   119
  Dodge: Dodged            |    43 |    54 |    51 ||   148
